 Dungeon Sprint DCSS version 0.26-a0-663-g36e8fdb655 (webtiles) character file.

Game seed: 453754710174635474

7312 mhtbhm the Eclecticist (level 10, -2/50 HPs)
             Began as a Deep Elf Earth Elementalist on Oct 12, 2020.
             Was the Champion of Vehumet.
             Slain by a catoblepas (15 damage)
             ... while petrified by you
             ... in the Dungeon (Sprint IX: "|||||||||||||||||||||||||||||").
             The game lasted 00:04:29 (1618 turns).

mhtbhm the Eclecticist (DEEE)                       Turns: 1618, Time: 00:04:29

Health: -2/50      AC:  5    Str:  5    XL:     10   Next: 90%
Magic:  36/36      EV:  2    Int: 27    God:    Vehumet [******]
Gold:   17         SH:  0    Dex: 15    Spells: 34/49 levels left

rFire    + . .     SeeInvis .   o - +4 quarterstaff (speed)
rCold    . . .     Faith    .   (shield currently unavailable)
rNeg     + + +     Spirit   .   c - +0 robe
rPois    ∞         Reflect  .   m - +0 helmet
rElec    .         Harm     .   n - +0 cloak
rCorr    .         Rampage  .   v - +0 pair of gloves
MR       +....     NoTele   +   (no boots)
Stlth    ++........             (no amulet)
HPRegen  0.16/turn              p - +3 ring of intelligence
MPRegen  0.25/turn              t - ring "Kouh" {+Fly rF+ rN+ Stlth-}

@: petrified
A: no striking features
a: Renounce Religion, Evoke Flight


You were in the Dungeon.
You worshipped Vehumet.
Vehumet was exalted by your worship.
You visited 1 branch You collected 17 gold pieces.

Inventory:

Hand Weapons
 o - a +4 quarterstaff of speed (weapon)
Missiles
 b - 7 stones (quivered)
Armour
 c - a +0 robe (worn)
 m - a +0 helmet (worn)
 n - a +0 cloak (worn)
 v - a +0 pair of gloves (worn)
Jewellery
 p - a +3 ring of intelligence (left hand)
 q - a +3 ring of strength
 t - the ring "Kouh" (right hand) {+Fly rF+ rN+ Stlth-}
   (You found it in the Dungeon)

   [ring of protection from fire]

   It protects you from fire.
   It protects you from negative energy.
   It lets you fly.
   It makes you less stealthy.
Wands
 l - a wand of acid (8)
Scrolls
 i - 3 scrolls of blinking
 j - 4 scrolls of remove curse
 k - 2 scrolls of amnesia
 u - 2 scrolls of identify
 w - a scroll of fear
Potions
 a - a potion of invisibility
 d - 5 potions of curing
 e - 3 potions of heal wounds
 f - a potion of haste
 g - 4 potions of magic
 h - 2 potions of berserk rage
 r - 2 potions of mutation
 s - 3 potions of brilliance


   Skills:
 + Level 7.6 Dodging
 + Level 6.9 Stealth
 + Level 20.3 Spellcasting
 + Level 2.1 Conjurations
 + Level 3.0 Transmutations
 + Level 18.9 Earth Magic
 + Level 1.8 Evocations


You had 34 spell levels left.
You knew the following spells:

 Your Spells              Type           Power        Failure   Level
a - Sandblast             Erth           ######       0%          1
b - Passwall              Tmut/Erth      ######..     1%          2
c - Stone Arrow           Conj/Erth      ######       1%          3
d - Lee's Rapid Deconstr  Erth           #######...   0%          5
e - Petrify               Tmut/Erth      ######..     1%          4

Your spell library contained the following spells:

 Spells                   Type           Power        Failure   Level
 Spellforged Servitor     Conj/Summ      ####......   87%         7


Dungeon Overview and Level Annotations

Branches:
Dungeon (1/1)

Altars:
Cheibriados
Dithmenos
Elyvilon
Fedhas
Gozag
Hepliaklqana
Kikubaaqudgha
Makhleb
Nemelex Xobeh
Okawaru
Qazlal
Ru
Sif Muna
Trog
Uskayaw
Vehumet
Wu Jian
Xom
Yredelemnul
Zin
The Shining One
Beogh
Jiyva
Lugonu


Message History

Unknown command.
You are engulfed in calcifying dust.
Your limbs have turned to stone.
You have turned to stone.
You are engulfed in calcifying dust. x2
The catoblepas breathes a plume of calcifying dust at you.
The blast of calcifying dust hits the catoblepas but does no damage.
The blast of calcifying dust hits you! The catoblepas gores you!!
The catoblepas gores you!
A death yak comes into view.
The catoblepas gores you but does no damage.
The catoblepas breathes a plume of calcifying dust at you.
The blast of calcifying dust hits the catoblepas.
The blast of calcifying dust hits you!
You are engulfed in calcifying dust.
The catoblepas gores you!!
* * * LOW HITPOINT WARNING * * *
You are engulfed in calcifying dust.
The death yak bellows!
The catoblepas gores you!!
You die...

▓▓▓▓▓▓▓▓▓▓▓▓▓▓▓▓▓▓▓▓▓▓▓▓▓▓▓▓▓▓▓▓▓
)'..[...)..'_____________________
▓▓▓▓▓▓▓▓▓▓▓▓▓▓▓▓▓▓▓▓▓▓▓▓▓▓▓▓▓▓▓▓▓
.................................
▓▓▓▓▓▓▓▓▓▓▓▓▓▓▓▓▓▓▓▓▓▓▓▓▓▓▓▓▓▓▓▓▓
YY..YYYYYYY@§.§÷'..÷......÷†
▓▓▓▓▓▓▓▓▓▓▓▓▓▓▓▓▓▓▓▓▓▓▓▓▓▓▓▓


You could see 2 death yaks, 3 catoblepae and 2 yaks.

Vanquished Creatures
  3 hydras (D)
  A catoblepas (D)
  An unseen horror (D)
  An elephant (D)
  2 black mambas (D)
  4 cane toads (D)
  A rime drake (D)
  A komodo dragon (D)
  A polar bear (D)
  A yak (D)
  A basilisk (D)
  2 water moccasins (D)
  An ice beast (D)
  An orc warrior (D)
  A necrophage (D)
  An ogre (D)
  A wolf (D)
  2 bullfrogs (D)
  2 scorpions (D)
  An iguana (D)
  A worker ant (D)
  An adder (D)
  An ufetubus (D)
  2 orcs (D)
  A giant cockroach (D)
  2 goblins (D)
  2 hobgoblins (D)
  A leopard gecko zombie (D)
  A rat (D)
41 creatures vanquished.

Notes
Turn   | Place    | Note
-------+----------+-------------------------------------------
     0 | D        | mhtbhm the Deep Elf Earth Elementalist began the quest for
                  | the Orb.
     0 | D        | Reached XP level 1. HP: 10/10 MP: 6/6
    69 | D        | Reached skill level 4 in Spellcasting
    69 | D        | Reached XP level 2. HP: 15/15 MP: 7/9
    70 | D        | Reached skill level 5 in Earth Magic
   184 | D        | Learned a level 2 spell: Passwall
   188 | D        | Found a roughly hewn altar of Beogh.
   188 | D        | Found a snail-covered altar of Cheibriados.
   188 | D        | Found a shadowy altar of Dithmenos.
   188 | D        | Found a white marble altar of Elyvilon.
   188 | D        | Found a blossoming altar of Fedhas.
   188 | D        | Found an opulent altar of Gozag.
   189 | D        | Found a hazy altar of Hepliaklqana.
   190 | D        | Found a viscous altar of Jiyva.
   191 | D        | Found an ancient bone altar of Kikubaaqudgha.
   192 | D        | Found a corrupted altar of Lugonu.
   193 | D        | Found a burning altar of Makhleb.
   194 | D        | Found a sparkling altar of Nemelex Xobeh.
   195 | D        | Found an iron altar of Okawaru.
   196 | D        | Found a stormy altar of Qazlal.
   197 | D        | Found a sacrificial altar of Ru.
   198 | D        | Found a shimmering blue altar of Sif Muna.
   199 | D        | Found a bloodstained altar of Trog.
   200 | D        | Found a hide-covered altar of Uskayaw.
   201 | D        | Found a radiant altar of Vehumet.
   202 | D        | Found an ornate altar of the Wu Jian Council.
   203 | D        | Found a shimmering altar of Xom.
   204 | D        | Found a basalt altar of Yredelemnul.
   205 | D        | Found a glowing silver altar of Zin.
   206 | D        | Found a glowing golden altar of the Shining One.
   209 | D        | Became a worshipper of Vehumet
   269 | D        | Noticed an ice beast
   269 | D        | Noticed a bullfrog
   269 | D        | Noticed a scorpion
   269 | D        | Noticed an orc warrior
   270 | D        | Killed a scorpion
   270 | D        | Reached skill level 6 in Spellcasting
   270 | D        | Reached XP level 3. HP: 19/19 MP: 9/12
   270 | D        | Reached XP level 4. HP: 24/24 MP: 10/14
   271 | D        | Killed an orc warrior
   271 | D        | Reached * piety under Vehumet
   271 | D        | Offered knowledge of Freeze by Vehumet.
   271 | D        | Reached skill level 8 in Spellcasting
   271 | D        | Reached XP level 5. HP: 28/28 MP: 9/17
   272 | D        | Reached skill level 5 in Dodging
   272 | D        | Reached skill level 9 in Spellcasting
   273 | D        | Reached skill level 10 in Earth Magic
   275 | D        | Killed an ice beast
   275 | D        | Reached ** piety under Vehumet
   275 | D        | Reached skill level 5 in Stealth
   275 | D        | Reached skill level 10 in Spellcasting
   275 | D        | Reached XP level 6. HP: 32/32 MP: 8/21
   454 | D        | Learned a level 3 spell: Stone Arrow
   460 | D        | Learned a level 5 spell: Lee's Rapid Deconstruction
   465 | D        | Learned a level 4 spell: Petrify
   467 | D        | Noticed a catoblepas
   469 | D        | Offered knowledge of Shock by Vehumet.
   470 | D        | Reached skill level 11 in Spellcasting
   472 | D        | Reached XP level 7. HP: 36/36 MP: 15/23
   635 | D        | Killed an unseen horror
   635 | D        | Offered knowledge of Conjure Flame by Vehumet.
   635 | D        | Reached *** piety under Vehumet
   635 | D        | Reached skill level 13 in Spellcasting
   635 | D        | Reached skill level 1 in Evocations
   635 | D        | Reached XP level 8. HP: 27/41 MP: 8/27
   757 | D        | Killed a catoblepas
   757 | D        | Reached skill level 15 in Spellcasting
   999 | D        | Got the ring "Kouh" {+Fly rF+ rN+ Stlth-}
  1023 | D        | Noticed a cane toad
  1023 | D        | Noticed an eight-headed hydra
  1023 | D        | Noticed a rime drake
  1025 | D        | Offered knowledge of Iskenderun's Mystic Blast by Vehumet.
  1027 | D        | Killed an eight-headed hydra
  1027 | D        | Reached **** piety under Vehumet
  1027 | D        | Reached skill level 16 in Spellcasting
  1027 | D        | Reached skill level 1 in Conjurations
  1027 | D        | Reached skill level 15 in Earth Magic
  1027 | D        | Reached XP level 9. HP: 44/45 MP: 16/31
  1027 | D        | Noticed a polar bear
  1028 | D        | Killed a rime drake
  1028 | D        | Reached skill level 17 in Spellcasting
  1028 | D        | Noticed a komodo dragon
  1030 | D        | Killed a cane toad
  1030 | D        | Noticed a five-headed hydra
  1119 | D        | Killed a polar bear
  1119 | D        | Reached ***** piety under Vehumet
  1153 | D        | Killed a komodo dragon
  1161 | D        | Killed a five-headed hydra
  1161 | D        | Reached skill level 18 in Spellcasting
  1161 | D        | Reached XP level 10. HP: 50/50 MP: 13/34
  1262 | D        | Noticed a cane toad
  1262 | D        | Noticed a cane toad
  1262 | D        | Noticed a seven-headed hydra
  1262 | D        | Noticed a cane toad
  1262 | D        | Noticed a black mamba
  1264 | D        | Killed a black mamba
  1264 | D        | Offered knowledge of Bolt of Magma by Vehumet.
  1265 | D        | Killed a cane toad
  1265 | D        | Reached skill level 19 in Spellcasting
  1269 | D        | Killed a seven-headed hydra
  1271 | D        | Noticed a black mamba
  1273 | D        | Killed a cane toad
  1274 | D        | Killed a black mamba
  1274 | D        | Killed a cane toad
  1286 | D        | Noticed an elephant
  1429 | D        | Reached ****** piety under Vehumet
  1429 | D        | Offered knowledge of Spellforged Servitor by Vehumet.
  1429 | D        | Reached skill level 20 in Spellcasting
  1443 | D        | Killed an elephant
  1550 | D        | Noticed a catoblepas
  1550 | D        | Noticed a catoblepas
  1550 | D        | Noticed a catoblepas
  1606 | D        | Noticed a death yak
  1615 | D        | Noticed a death yak
  1618 | D        | Slain by a catoblepas

Illustrated notes

Levels and vault maps discovered:
D:        linesprint [early_d, line_temple, items_1, d_10, items_2, lair_1,
          lair_end, items_3, orc_1, orc_end, items_4, d_15, swamp_1, shoals_1,
          snake_1, spider_1, d_20, vaults_1, items_5, swamp_end, shoals_end,
          snake_end, spider_end, vaults_end, d_27, items_6, zot_1, zot_end,
          crypt_end, forest_end, elf_end, slime_end, tomb_end, abyss_end,
          pan_hell_end]

Skill      XL: |  1  2  3  4  5  6  7  8  9 10 |
---------------+-------------------------------+-----
Earth Magic    | 4 7 9 10 11 13 15 17 18 | 18.9
Dodging        | 3 4 5 6 7 |  7.6
Stealth        | 3 4 5 6 |  6.9
Spellcasting   | 4 6 8 10 11 13 16 18 20 | 20.3
Evocations     | 1 |  1.8
Transmutations | 2 3 |  3.0
Conjurations   | 1 2 |  2.1

Action                   |  1- 3 |  4- 6 |  7- 9 | 10-12 || total
-------------------------+-------+-------+-------+-------++-------
Melee: Quarterstaff      |       |       |     1 |       ||     1
 Cast: Sandblast         |    16 |     6 |     1 |       ||    23
       Lee's Rapid Decon |       |     1 |    18 |    16 ||    35
       Stone Arrow       |       |       |     1 |     1 ||     2
       Petrify           |       |       |     1 |     1 ||     2
Evoke: Wand              |       |     2 |       |       ||     2
Armor: Robe              |       |       |     3 |     2 ||     5
Dodge: Dodged            |     3 |       |     3 |       ||     6

Table legend: (Time is in decaauts)
 A = Elapsed time spent in this place.
 B = Non-inter-level travel time spent in this place.
 C = Inter-level travel time spent in this place.
 D = Time resting spent in this place.
 E = Time spent auto-exploring this place.
 F = Levels seen in this place.
 G = Mean time per level.
                   A        B        C        D        E       F      G
               +--------+--------+--------+--------+--------+-----+--------+
         Total |   1618 |   1618 |      0 |   1139 |     98 |   1 | 1618.0 |
       Dungeon |   1618 |   1618 |      0 |   1139 |     98 |   1 | 1618.0 |
               +--------+--------+--------+--------+--------+-----+--------+

Top non-repeatable levels by time:
       D: 1618 daAuts
